Map: Lerilak Crest

Players

lesha

  • Race: Terran Terran
  • League: Silver

antidot - Winner!

  • Race: Protoss Protoss
  • League: Silver

VOD

Have the link to the VOD?

Description

Time

  • Played on: Dec. 24, 2015, 12:10 p.m.
  • Length: 11:07
Show
View Real Time Build Order
Export as new Build Order

lesha Terran 

Build Orders:  

Get SALT Encoding   

  12  0:01  SCV  
  13  0:13  SCV  
  14  0:17  Supply Depot  
  14  0:25  SCV  
  15  0:39  SCV  
  15  0:41  Barracks  
  16  0:48  Refinery  
  16  0:52  SCV  
  17  1:04  SCV  
  18  1:16  SCV  
  19  1:28  SCV  
  20  1:40  Orbital Command  
  20  1:43  Reaper  
  21  2:02  Command Center  
  21  2:07  SCV  
  22  2:17  Marine  
  23  2:32  Supply Depot  
  23  2:33  Factory  
  23  2:50  Refinery, Barracks  
  23  2:53  SCV, Marine  
  25  3:05  SCV  
  25  3:11  Marine  
  27  3:16  Orbital Command  
  27  3:18  SCV  
  28  3:20  Starport  
  28  3:30  SCV  
  29  3:35  Barracks Reactor  
  28  3:42  SCV  
  29  3:50  SCV  
  29  3:54  SCV  
  29  3:55  Barracks Reactor  
  31  3:58  Factory Tech Lab  
  31  3:59  Starport Reactor  
  31  4:03  SCV  
  31  4:04  Barracks  
  31  4:06  SCV  
  32  4:15  SCV  
  32  4:16  Marine x2  
  35  4:18  SCV  
  36  4:27  SCV  
  36  4:31  Supply Depot  
  37  4:33  Supply Depot  
  37  4:34  Marine x2  
  37  4:36  Supply Depot  
  37  4:37  Engineering Bay  
  39  4:39  Engineering Bay  
  39  4:41  Factory Reactor  
  39  4:44  Marine  
  39  4:45  Marine  
  40  4:52  Marine x2  
  39  4:53  Barracks  
  38  5:02  Marine  
  37  5:17  Marine x3  
  37  5:20  Marine  
  41  5:26  SCV x2  
  43  5:33  Medivac  
  43  5:34  Marine  
  46  5:40  Marine  
  46  5:42  Stimpack  
  47  5:44  Terran Infantry Weapons Level 1  
  47  5:50  Marine x3  
  47  5:52  SCV x2  
  52  5:59  Marine x2  
  54  6:04  Barracks Reactor  
  54  6:07  SCV x2  
  56  6:12  Medivac x2  
  60  6:19  SCV x2  
  60  6:23  Supply Depot  
  60  6:25  Supply Depot  
  62  6:26  Marine  
  62  6:27  Marine  
  62  6:30  Marauder  
  62  6:31  SCV x2  
  68  6:37  Terran Infantry Armor Level 1  
  68  6:38  Barracks  
  68  6:39  Marine  
  68  6:40  Marine  
  68  6:41  Barracks  
  68  6:45  Marine x2  
  72  6:58  Marine  
  72  6:59  Marine x4  
  72  7:01  SCV x2  
  74  7:09  Supply Depot  
  74  7:11  Supply Depot  
  74  7:13  SCV x2  
  74  7:14  Marine  
  74  7:15  Marine  
  71  7:16  Marine x3  
  71  7:17  Marine  
  74  7:39  Marine x6  
  74  7:40  Marine  
  74  7:42  SCV x2  
  64  7:54  SCV x2  
  63  8:04  Marine x6  
  63  8:05  Marine  
  70  8:06  SCV x2, Medivac  
  74  8:18  SCV  
  71  8:22  Marine x3  
  71  8:23  SCV  
  75  8:30  SCV  
  75  8:32  Marine x2  
  78  8:35  SCV  
  79  8:41  Marine  
  79  8:42  SCV, Marine x4  
  79  8:47  Command Center  
  85  8:49  Marine  
  85  8:50  Marine  
  85  8:55  SCV x2  
  89  9:07  SCV  
  89  9:08  Refinery  
  90  9:10  Refinery  
  76  9:31  Marine  
  76  9:32  Marine x6  
  76  9:34  Medivac x2  
  87  9:41  Barracks Reactor  
  87  9:48  Supply Depot  
  87  9:49  Supply Depot, Marine x2  
  87  9:50  Marine x5  
  74  9:55  Marine  
  65  10:07  Marine x3  
  65  10:08  Marine x4  
  65  10:13  Marine  
  73  10:20  Orbital Command  
  73  10:22  Marine x2  
  73  10:24  Medivac x2  
  73  10:25  Marine x5  
  73  10:26  Marine x2  
  86  10:31  Marine  
  87  10:38  SCV x2  
  87  10:40  Marine x2  
  87  10:42  Command Center  
  91  10:43  Marine  
  91  10:44  Marine x3  
  91  10:45  Marine  
Show
View Real Time Build Order
Export as new Build Order

antidot Protoss - Winner!

Build Orders: Nexus First 

Get SALT Encoding   

  12  0:04  Probe (Chrono Boost)  
  13  0:15  Probe (Chrono Boost)  
  13  0:18  Pylon  
  14  0:25  Probe (Chrono Boost)  
  15  0:36  Probe (Chrono Boost)  
  16  0:47  Probe (Chrono Boost)  
  17  0:58  Probe (Chrono Boost)  
  18  1:05  Nexus  
  18  1:10  Probe (Chrono Boost)  
  19  1:24  Gateway  
  19  1:28  Probe (Chrono Boost)  
  19  1:29  Assimilator  
  20  1:39  Probe (Chrono Boost)  
  21  1:40  Assimilator  
  21  1:48  Pylon  
  21  1:49  Probe (Chrono Boost)  
  22  2:02  Probe (Chrono Boost)  
  23  2:17  Cybernetics Core  
  23  2:20  Gateway  
  23  2:21  Gateway  
  23  2:22  Probe x2 (Chrono Boost)  
  24  2:33  Probe (Chrono Boost)  
  25  2:39  Probe (Chrono Boost), Assimilator  
  25  2:43  Probe (Chrono Boost)  
  27  2:50  Probe (Chrono Boost)  
  28  2:54  Mothership Core (Chrono Boost)  
  28  2:55  Warp Gate  
  28  2:56  Adept  
  29  3:13  Probe x2 (Chrono Boost)  
  31  3:20  Adept x2  
  31  3:23  Probe (Chrono Boost)  
  31  3:24  Probe (Chrono Boost)  
  34  3:29  Pylon  
  35  3:34  Probe (Chrono Boost)  
  35  3:41  Probe (Chrono Boost)  
  36  3:44  Probe (Chrono Boost)  
  37  3:51  Probe (Chrono Boost)  
  37  4:07  Twilight Council  
  37  4:10  Robotics Facility  
  37  4:12  Adept  
  37  4:13  Forge  
  39  4:17  Probe x2 (Chrono Boost)  
  41  4:29  Stalker, Sentry  
  47  4:31  Probe x2 (Chrono Boost)  
  47  4:42  Probe x2 (Chrono Boost)  
  49  4:52  Probe (Chrono Boost)  
  48  5:08  Probe x2 (Chrono Boost)  
  48  5:11  Assimilator  
  48  5:14  Pylon  
  48  5:15  Protoss Ground Weapons Level 1  
  48  5:17  Pylon  
  48  5:18  Resonating Glaives  
  48  5:19  Probe x2 (Chrono Boost)  
  50  5:25  Adept  
  50  5:26  Adept  
  54  5:29  Pylon  
  54  5:35  Pylon  
  54  5:36  Pylon x2  
  54  5:39  Warp Prism  
  57  5:42  Probe (Chrono Boost)  
  57  5:43  Pylon  
  57  5:50  Adept x2  
  57  5:54  Probe x2 (Chrono Boost)  
  63  6:04  Probe (Chrono Boost)  
  63  6:05  Forge  
  63  6:08  Robotics Bay  
  64  6:14  Adept  
  64  6:15  Observer  
  64  6:17  Adept  
  69  6:37  Stalker x3  
  75  6:46  Protoss Ground Armor Level 1  
  75  6:50  Pylon  
  75  6:54  Pylon  
  75  6:56  Pylon  
  75  7:02  Gateway  
  75  7:03  Gateway  
  75  7:23  Stalker x3  
  75  7:27  Blink  
  75  7:51  Adept x3  
  79  8:06  Protoss Ground Weapons Level 2  
  79  8:08  Disruptor  
  78  8:14  Stalker x3  
  82  8:28  Adept x2  
  82  8:32  Probe (Chrono Boost)  
  87  8:43  Nexus, Disruptor (Chrono Boost), Adept  
  87  8:46  Adept  
  87  8:48  Assimilator  
  94  8:53  Assimilator  
  94  8:56  Pylon  
  94  8:58  Pylon  
  94  9:04  Adept x2  
  94  9:06  Stalker  
  94  9:09  Probe x2  
  101  9:16  Disruptor (Chrono Boost)  
  97  9:37  Adept x2  
  97  9:38  Adept x3  
  107  9:47  Disruptor (Chrono Boost)  
  106  10:11  Stalker x3  
  106  10:12  Stalker  
  114  10:26  Disruptor (Chrono Boost)  
  117  10:28  Stalker  
  117  10:34  Stalker x2  
  117  10:35  Stalker  
Tags
 
Add a new tag
Caveats
  • Supply blocks, unpowered buildings, or Contaminate may cause inaccurate times.
  • Supply counts are checked every 10 seconds.